 Dungeon Crawl Stone Soup version 0.29-a0-878-g7b45a56547 (webtiles) character file.

Game seed: 10271244617880560275

49 mcwallace the Firebug (level 3, -3/33 HPs)
             Began as an Ogre Fire Elementalist on July 19, 2022.
             Killed from afar by Ijyb (7 damage)
             ... with a puff of flame
             ... on level 3 of the Dungeon.
             The game lasted 00:04:35 (3057 turns).

mcwallace the Firebug (Ogre Fire Elementalist)      Turns: 3057, Time: 00:04:36

Health: -3/33      AC:  4    Str: 12    XL:     3   Next: 75%
Magic:  1/7        EV: 14    Int: 18    God:
Gold:   104        SH:  0    Dex:  9    Spells: 4/7 levels left

rFire   . . .      SeeInvis +   x - +2 short sword (flame) {short}
rCold   . . .      Faith    .   (no shield)
rNeg    . . .      Spirit   .   a - +0 robe
rPois   .          Reflect  .   (helmet restricted)
rElec   .          Harm     .   o - +0 cloak
rCorr   .          Rampage  .   (gloves unavailable)
Will    .....                   (boots unavailable)
Stlth   +.........              (no amulet)
HPRegen 0.11/turn               l - ring of see invisible
MPRegen 0.10/turn               v - +4 ring of evasion

@: mighty
A: large, unfitting armour, tough skin 1
a: no special abilities


You were on level 3 of the Dungeon.
You visited 1 branch of the dungeon, and saw 3 of its levels.

You collected 104 gold pieces.


Innate Abilities, Weirdness & Mutations

You are too large for most types of armour.
You have tough skin. (AC +1)


   Skills:
 + Level 1.6 Fighting
 + Level 2.2 Dodging
 - Level 1.4 Stealth
 + Level 2.9 Spellcasting
 + Level 1.5 Conjurations
 + Level 3.0 Fire Magic


You had 4 spell levels left.
You knew the following spells:

 Your Spells              Type           Power      Damage    Failure   Level
a - Foxfire               Conj/Fire      44%        2x1d6     6%          1
b - Scorch                Fire           26%        2d6       7%          2

Your spell library contained the following spells:

 Spells                   Type           Power      Damage    Failure   Level
 Magic Dart               Conj           32%        1d4       9%          1
 Conjure Flame            Conj/Fire      11%        6-21      19%         3
 Call Imp                 Summ           2%         N/A       26%         2
 Inner Flame              Hex/Fire       8%         N/A       26%         3
 Mephitic Cloud           Conj/Pois/Air  4%         N/A       36%         3
 Flame Wave               Conj/Fire      11%        2d5       54%         4

Inventory:

Hand Weapons
 d - a +0 whip {mace}
   (You took it off a kobold on level 1 of the Dungeon)
 j - a +0 mace {mace}
   (You found it on level 1 of the Dungeon)
 q - a +0 long sword {long}
   (You found it on level 2 of the Dungeon)
 x - a +2 short sword of flaming (weapon) {short}
   (You took it off an orc on level 3 of the Dungeon)
Missiles
 m - 2 large rocks {=fthrowing}
 n - 21 stones {throwing}
Armour
 a - a +0 robe (worn)
 o - a +0 cloak (worn)
   (You found it on level 2 of the Dungeon)
Jewellery
 l - a ring of see invisible (left hand)
   (You found it on level 1 of the Dungeon)
 r - a ring of protection from cold
   (You found it on level 2 of the Dungeon)
 v - a +4 ring of evasion (right hand)
   (You found it on level 3 of the Dungeon)
Scrolls
 g - 3 scrolls of teleportation {unknown}
 h - 3 scrolls of noise {unknown}
 s - 2 scrolls of blinking {unknown}
 t - a scroll of enchant armour {unknown}
 w - a scroll of identify {unknown}
 y - a scroll of poison {unknown}
Potions
 b - a potion of magic
 c - a potion of curing {unknown}
 e - a potion of resistance
 f - a potion of haste {unknown}
 k - a potion of flight
 p - a potion of lignification {unknown}

Dungeon Overview and Level Annotations

Branches:
Dungeon (3/15) Zot: 14912

Altars:

Shops:
D:1 !

Annotations:
D:3 1 runed translucent door, Ijyb; jimonade's ghost, amateur KoBr

# #.###.# .# #
#..##.# #+####.# #
##.##.#
#.##.r.###.## #
#.##.#
#.##.#.g..g..
####.##.# ##.#...#
........# ##..)...#
####.#### #...##+##
#.# ####†g#W≈.#
#.#######....@#.≈.#
#.............#.≈.#
#########...#.#.≈.#
#####.#.$.# #.#####
#.# #.# ##########
##.####........#
#.......# #.#


You could see Ijyb (resistant).


Message History

Flames lash Ijyb.
Ijyb completely resists.
Ijyb zaps a wand.
The puff of flame misses you. 😎 MP[-2]
You lost 2 mp, and now have 5/7 mp.
Casting: Scorch (safe; 7% risk of failure)
Confirm with . or Enter, or press ? or * to list all spells.
Flames lash Ijyb.
Ijyb resists.
Ijyb's fire resistance burns away. 😎 MP[-2]
You lost 2 mp, and now have 3/7 mp.
Casting: Scorch (safe; 7% risk of failure)
Confirm with . or Enter, or press ? or * to list all spells.
You conjure some foxfire!
The foxfire hits Ijyb but does no damage. 😎 MP[-1]
You lost 1 mp, and now have 2/7 mp.
Casting: Foxfire (safe; 6% risk of failure)
Confirm with . or Enter, or press ? or * to list all spells.
You conjure some foxfire!
Ijyb is no longer more vulnerable to fire.
The foxfire hits Ijyb but does no damage.
The foxfire hits the rat. 😎 MP[-1]
You lost 1 mp, and now have 1/7 mp.
You barely miss Ijyb.
The foxfire hits Ijyb but does no damage.
Ijyb misses you.
You closely miss Ijyb. Ijyb hits you with a +0 dagger.
The rat bites you. 😕 HP[-4]
You take 4 damage, and now have 29/33 hp.
You hit Ijyb but do no damage.
Ijyb zaps a wand.
The puff of flame misses you. The rat completely misses you.
You closely miss the rat. Ijyb hits you but does no damage.
The rat completely misses you.
You barely miss the rat. Ijyb completely misses you.
The rat closely misses you. 😕 MP[+1]
You hit the rat. You burn the rat.
You kill the rat!
Ijyb zaps a wand.
The puff of flame hits you. 😮 HP[-5]
You take 5 damage, and now have 24/33 hp.
Casting: Foxfire (safe; 6% risk of failure)
Confirm with . or Enter, or press ? or * to list all spells.
You miscast Foxfire.
You are very lightly contaminated with residual magic.
Nothing appears to happen.
Ijyb barely misses you. 😮 MP[-1]
You lost 1 mp, and now have 1/7 mp.
Casting: Foxfire (safe; 6% risk of failure)
Confirm with . or Enter, or press ? or * to list all spells.
You conjure some foxfire!
Ijyb completely misses you. 😮 MP[-1]
You lost 1 mp, and now have 0/7 mp.
You closely miss Ijyb.
The foxfire hits Ijyb.
Ijyb completely resists.
The foxfire hits Ijyb but does no damage.
Ijyb closely misses you.
You closely miss Ijyb.
Ijyb zaps a wand.
The puff of flame hits you. 😮 HP[-3]
You take 3 damage, and now have 21/33 hp.
You barely miss Ijyb. Ijyb closely misses you. x2
You hit Ijyb but do no damage.
Ijyb hits you with a +0 dagger. 😮 HP[-2]
You take 2 damage, and now have 19/33 hp.
You barely miss Ijyb. Ijyb hits you with a +0 dagger.
Your magical contamination has completely faded away. 😮 HP[-2]
You take 2 damage, and now have 17/33 hp.
You hit Ijyb but do no damage. Ijyb completely misses you.
You hit Ijyb. You burn Ijyb. Ijyb hits you with a +0 dagger.
* * * LOW HITPOINT WARNING * * *
😨 HP[-3] MP[+1]
You take 3 damage, and now have 14/33 hp.
You hit Ijyb but do no damage.
Ijyb zaps a wand.
The puff of flame hits you!
* * * LOW HITPOINT WARNING * * *
😱 HP[-7]
You take 7 damage, and now have 7/33 hp.
MASSIVE DAMAGE!! (PAUSE) It was a potion of flight.
You feel very buoyant.
You fly up into the air.
Ijyb hits you with a +0 dagger.
* * * LOW HITPOINT WARNING * * *
😱 HP[-4]
You take 4 damage, and now have 3/33 hp.
Unknown command.
It was a potion of cancellation.
Your magical effects are unravelling.
You feel magically purged.
You float gracefully downwards.
Ijyb misses you. 😱 HP[+1] It was a potion of might.
You feel very mighty all of a sudden.
Ijyb zaps a wand.
The puff of flame hits you!
You die...

Skill      XL: |  1  2  3 |
---------------+----------+-----
Conjurations   | 1 |  1.5
Dodging        | 2 |  2.2
Fighting       | 1 |  1.6
Fire Magic     | 3 |  3.0
Stealth        | |  1.4
Spellcasting   | |  2.9

Action                   || total
-------------------------++-------
Melee: Whip              ||    22
       Mace              ||    25
       Punch             ||     2
       Long sword        ||    49
       Short sword       ||    24
 Cast: Foxfire           ||    23
       Scorch            ||     2
  Use: Potion            ||     3
 Stab: Sleeping          ||     3
Armor: Robe              ||    41
Dodge: Dodged            ||   109

Levels and vault maps discovered:
D:1:      giann_wishing_wells, layout_basic, serial_shops, shop,
          nicolae_ecumenical_snake_handling
D:2:      layout_basic, minivault_27
D:3:      layout_loops_corners, ebering_ghost_reflecting_pool, uniq_ijyb

Notes
Turn   | Place    | Note
-------+----------+-------------------------------------------
     0 | D:1      | mcwallace the Ogre Fire Elementalist began the quest for
                  | the Orb.
     0 | D:1      | Reached XP level 1. HP: 16/16 MP: 3/3
     0 | D:1      | magus.rc [v1.9.6]
   183 | D:1      | Reached skill level 1 in Conjurations
   352 | D:1      | Reached XP level 2. HP: 26/26 MP: 5/5
   549 | D:1      | Found Fisoz's Distillery.
   631 | D:1      | Reached skill level 2 in Dodging
   822 | D:1      | Reached skill level 1 in Fighting
   836 | D:1      | Found a faded altar of an unknown god.
  1363 | D:2      | Reached XP level 3. HP: 31/33 MP: 5/7
  1903 | D:2      | Reached skill level 3 in Fire Magic
  2241 | D:2      | You pick up a book of Minor Magic and begin reading...
  2241 | D:2      | You add the spells Magic Dart, Call Imp and Mephitic Cloud
                  | to your library.
  2326 | D:2      | Learned a level 2 spell: Scorch
  3019 | D:3      | Found a runed translucent door.
  3020 | D:3      | Noticed jimonade's ghost (amateur KoBr)
  3023 | D:3      | Noticed Ijyb
  3054 | D:3      | HP: 7/33 [Ijyb/puff of flame (7)]
  3055 | D:3      | HP: 3/33 [Ijyb/+0 dagger (4)]
  3057 | D:3      | Killed from afar by Ijyb

Vanquished Creatures
  A worm (D:2)
  2 orcs (D:3)
  4 bats
  4 endoplasms
  4 goblins
  5 hobgoblins
  5 kobolds
  9 ball pythons
  4 frilled lizards
  2 rats
40 creatures vanquished.

Vanquished Creatures (others)
  38 foxfires
38 creatures vanquished.

Grand Total: 78 creatures vanquished

Table legend:
 A = Non-vault XP
 B = Vault XP
 C = Vault XP percentage of total XP
 D = Non-vault monster count
 E = Vault monster count
 F = Vault count percentage of total count
                 A         B        C        D         E       F
            +---------+---------+-------+---------+---------+-------
      Total |      66 |       4 |   5.7 |      37 |       3 |   7.5
            +---------+---------+-------+---------+---------+-------
        D:1 |      22 |       4 |  15.4 |      13 |       3 |  18.8
        D:2 |      20 |       0 |   0.0 |      12 |       0 |   0.0
        D:3 |      24 |       0 |   0.0 |      12 |       0 |   0.0
            +---------+---------+-------+---------+---------+-------

Illustrated notes

Table legend:
 A = Kills in this place as a percentage of kills in entire the game.
 B = Kills by you in this place as a percentage of kills by you in the entire game.
 C = Kills by friends in this place as a percentage of kills by friends in the entire game.
 D = Other kills in this place as a percentage of other kills in the entire game.
 E = Experience gained in this place as a percentage of experience gained in the entire game.
 F = Experience gained in this place divided by the number of levels of this place that you have seen.
                   A       B       C       D       E      F
               +-------+-------+-------+-------+-------+----------------------
         Total | 100.0 | 100.0 |   N/A |   N/A | 100.0 |  23.3
       Dungeon | 100.0 | 100.0 |   N/A |   N/A | 100.0 |  23.3
               +-------+-------+-------+-------+-------+----------------------

Table legend: (Time is in decaauts)
 A = Elapsed time spent in this place.
 B = Non-inter-level travel time spent in this place.
 C = Inter-level travel time spent in this place.
 D = Time resting spent in this place.
 E = Time spent auto-exploring this place.
 F = Levels seen in this place.
 G = Mean time per level.
                   A        B        C        D        E       F      G
               +--------+--------+--------+--------+--------+-----+--------+
         Total |   3086 |   2973 |    113 |      0 |   2609 |   3 | 1028.7 |
       Dungeon |   3086 |   2973 |    113 |      0 |   2609 |   3 | 1028.7 |
               +--------+--------+--------+--------+--------+-----+--------+

Top non-repeatable levels by time:
     D:1: 1232 daAuts
     D:2: 1180 daAuts
     D:3: 674 daAuts
